[Event "Argentine Youth-Junior-ch 2025"]
[Site "Mar del Plata"]
[Date "2025.04.18"]
[Round "6.1"]
[White "Abramor, Franco"]
[Black "Scarsi, Anna Laura"]
[Result "0-1"]
[Annotator "ChessBase"]
[ECO "B48"]
[WhiteElo "2169"]
[BlackElo "2144"]
[PlyCount "62"]
[EventDate "2025.04.14"]
[EventType "swiss"]
[EventCountry "ARG"]
[SourceTitle "playchess.com"]
[Source "ChessBase"]
[SourceQuality "1"]
[TimeControl "3600+30"]

1. e4 c5 2. Nf3 e6 3. d4 cxd4 4. Nxd4 Nc6 5. Nc3 Qc7 6. Be3 a6 7. Qf3 Ne5 8. Qg3 h5 9. h4 Nf6 10. O-O-O b5 11. Bf4 d6 12. f3 Bb7 13. Kb1 Rc8 14. Be3 b4 15. Na4 Bc6 16. Bxa6 Bxa4 17. Bxc8 Qxc8 18. b3 Bd7 19. Qe1 Be7 20. Qxb4 d5 21. Qa5 Qb7 22. Qe1 dxe4 23. Bg5 O-O 24. fxe4 Rc8 25. Rf1 Bb4 26. Qg3 Nxe4 27. Qxe5 Nc3+ 28. Kb2 Qa8 29. a4 Nxa4+ 30. bxa4 Bc3+ 31. Kc1 Qxa4 0-1

[Event "Argentine Youth-Junior-ch 2025"]
[Site "Mar del Plata"]
[Date "2025.04.18"]
[Round "6.2"]
[White "Unhold, Valentin"]
[Black "Medina, Augusto Benjamin"]
[Result "1-0"]
[Annotator "ChessBase"]
[ECO "A34"]
[WhiteElo "2149"]
[BlackElo "1815"]
[PlyCount "42"]
[EventDate "2025.04.14"]
[EventType "swiss"]
[EventCountry "ARG"]
[SourceTitle "playchess.com"]
[Source "ChessBase"]
[SourceQuality "1"]
[TimeControl "3600+30"]

1. c4 c5 2. g3 Nf6 3. Bg2 d5 4. cxd5 Nxd5 5. Nc3 Nc7 6. Nf3 Nc6 7. a3 e5 8. b4 a6 9. O-O Be7 10. Bb2 f6 11. bxc5 Ne6 12. Na4 Nxc5 13. Nxc5 Bxc5 14. Rc1 Qb6 15. Qc2 Bd6 16. d4 O-O 17. dxe5 fxe5 18. Ng5 Bf5 19. Be4 g6 20. Qd2 Bxe4 21. Qxd6 Qxb2 1-0

[Event "Argentine Youth-Junior-ch 2025"]
[Site "Mar del Plata"]
[Date "2025.04.18"]
[Round "6.3"]
[White "Gaite, Karen Nerina"]
[Black "Lucci, Ludmila Ayelen"]
[Result "1-0"]
[Annotator "NA"]
[ECO "A25"]
[WhiteElo "2031"]
[BlackElo "1585"]
[PlyCount "77"]
[EventDate "2025.04.14"]
[EventType "swiss"]
[EventCountry "ARG"]
[SourceTitle "playchess.com"]
[Source "ChessBase"]
[SourceQuality "1"]
[TimeControl "3600+30"]

1. c4 e5 2. Nc3 Nf6 3. g3 Bb4 4. Bg2 Nc6 5. Nd5 Bc5 6. e3 d6 7. Ne2 Be6 8. d4 Bb6 9. Nxb6 axb6 10. d5 Bxd5 11. cxd5 Ne7 12. O-O O-O 13. e4 h6 14. Nc3 Nd7 15. Qg4 f5 16. exf5 Nxf5 17. Be4 Qf6 18. Bxf5 Qxf5 19. Qxf5 Rxf5 20. Be3 Raf8 21. Nb5 Nf6 22. Nxc7 Ng4 23. Bxb6 Nf6 24. a4 Ne4 25. Ne6 R8f7 26. Rad1 Ng5 27. Nxg5 Rxg5 28. f3 Rf8 29. b4 h5 30. a5 h4 31. g4 e4 32. h3 exf3 33. Rd3 f2+ 34. Rxf2 Re8 35. Rf5 Rxf5 36. gxf5 Re4 37. Bc7 Rxb4 38. Bxd6 Rb5 39. Bc7 1-0

[Event "Argentine Youth-Junior-ch 2025"]
[Site "Mar del Plata"]
[Date "2025.04.18"]
[Round "6.4"]
[White "Deichmann, Esteban Horacio"]
[Black "Villordo, Matias"]
[Result "0-1"]
[Annotator "ChessBase"]
[ECO "B23"]
[WhiteElo "2028"]
[BlackElo "2055"]
[PlyCount "90"]
[EventDate "2025.04.14"]
[EventType "swiss"]
[EventCountry "ARG"]
[SourceTitle "playchess.com"]
[Source "ChessBase"]
[SourceQuality "1"]
[TimeControl "3600+30"]

1. e4 c5 2. Nc3 e6 3. g4 d5 4. Bg2 dxe4 5. Nxe4 Be7 6. g5 Bxg5 7. Nxc5 Qb6 8. d4 Be7 9. Nb3 Nf6 10. Nf3 Bd7 11. O-O Bc6 12. Be3 Qd8 13. Qe2 O-O 14. c4 Nbd7 15. Nc1 Qc7 16. b3 Ng4 17. d5 exd5 18. h3 Nxe3 19. Qxe3 Bf6 20. Nd3 Rfe8 21. Qf4 Qxf4 22. Nxf4 dxc4 23. Rad1 cxb3 24. axb3 Ne5 25. Nd4 Bxg2 26. Kxg2 Ng6 27. Nh5 Be5 28. f4 Nh4+ 29. Kg3 Bxd4 30. Kxh4 Rad8 31. Ng3 Bf2 32. Rc1 Bxg3+ 33. Kxg3 Re3+ 34. Kg4 h5+ 35. Kh4 Rxb3 36. Rc7 Rdd3 37. Kxh5 Rxh3+ 38. Kg5 Rhg3+ 39. Kf5 Rb5+ 40. Ke4 g6 41. Rd1 Rgb3 42. Rd8+ Kg7 43. Rcc8 f5+ 44. Kd4 R5b4+ 45. Kc5 b6+ 0-1

[Event "Argentine Youth-Junior-ch 2025"]
[Site "Mar del Plata"]
[Date "2025.04.18"]
[Round "6.5"]
[White "Martinez, Valentin Jesus"]
[Black "Bazan Romero, Octavio Aaron"]
[Result "0-1"]
[Annotator "RC"]
[ECO "E05"]
[WhiteElo "2037"]
[BlackElo "2292"]
[PlyCount "31"]
[EventDate "2025.04.14"]
[EventType "swiss"]
[EventCountry "ARG"]
[SourceTitle "playchess.com"]
[Source "ChessBase"]
[SourceQuality "1"]
[TimeControl "3600+30"]

1. d4 d5 2. Nf3 Nf6 3. g3 e6 4. c4 Be7 5. Bg2 O-O 6. O-O dxc4 7. Ne5 Nc6 8. Bxc6 bxc6 9. Nxc6 Qe8 10. Nxe7+ Qxe7 11. Qc2 e5 12. d5 Nxd5 13. Na3 c3 14. b3 Bh3 15. Re1 Rfd8 16. Nc4 0-1

[Event "Argentine Youth-Junior-ch 2025"]
[Site "Mar del Plata"]
[Date "2025.04.18"]
[Round "6.6"]
[White "Fournel, Bautista"]
[Black "Frutos, Leandro Jose"]
[Result "0-1"]
[Annotator "RC"]
[ECO "B33"]
[WhiteElo "1932"]
[BlackElo "2026"]
[PlyCount "88"]
[EventDate "2025.04.14"]
[EventType "swiss"]
[EventCountry "ARG"]
[SourceTitle "playchess.com"]
[Source "ChessBase"]
[SourceQuality "1"]
[TimeControl "3600+30"]

1. e4 c5 2. Nf3 Nc6 3. d4 cxd4 4. Nxd4 Nf6 5. Nc3 e5 6. Ndb5 d6 7. Bg5 a6 8. Na3 b5 9. Nd5 Be7 10. Bxf6 Bxf6 11. c4 b4 12. Nc2 Rb8 13. b3 g6 14. g3 Bg7 15. h4 h5 16. Bh3 Be6 17. Kf1 O-O 18. Kg2 Qd7 19. Qe2 f5 20. exf5 Bxf5 21. Bxf5 Rxf5 22. Nde3 Rf7 23. Rad1 Qb7 24. f3 Re8 25. Nd5 a5 26. Qe4 Re6 27. Rhf1 Qc8 28. Rde1 Nd8 29. Re2 Nb7 30. Nb6 Qd8 31. Na4 g5 32. Ne3 gxh4 33. Qxh4 Qxh4 34. gxh4 Rf4 35. Rh1 Rg6+ 36. Kf2 e4 37. Nd5 Rxf3+ 38. Ke1 Rg4 39. Kd2 Bh6+ 40. Kc2 e3 41. Nab6 Nc5 42. Nc8 Ne6 43. Nce7+ Kh8 44. Nc6 Rf2 0-1

[Event "Argentine Youth-Junior-ch 2025"]
[Site "Mar del Plata"]
[Date "2025.04.18"]
[Round "6.7"]
[White "Hilt, Juan Ignacio"]
[Black "Serulnicoff, Pedro"]
[Result "1/2-1/2"]
[Annotator "RC"]
[ECO "A07"]
[WhiteElo "2035"]
[BlackElo "2004"]
[PlyCount "57"]
[EventDate "2025.04.14"]
[EventType "swiss"]
[EventCountry "ARG"]
[SourceTitle "playchess.com"]
[Source "ChessBase"]
[SourceQuality "1"]
[TimeControl "3600+30"]

1. Nf3 Nf6 2. g3 d5 3. Bg2 e6 4. O-O Bd6 5. d4 h6 6. c4 O-O 7. Nbd2 b6 8. b3 Bb7 9. Bb2 Nbd7 10. Qc2 c5 11. e3 Rc8 12. Rac1 Qc7 13. Qb1 Qb8 14. Qa1 Be7 15. Ne5 Nxe5 16. dxe5 Nd7 17. cxd5 exd5 18. Rfd1 Bc6 19. Nf3 g6 20. h4 Qb7 21. Ne1 h5 22. Nd3 Rfd8 23. e6 fxe6 24. Bh8 Bf8 25. Nf4 Nb8 26. Nxe6 Rd6 27. Nf4 Qf7 28. Be5 Rdd8 29. Bh3 1/2-1/2

[Event "Argentine Youth-Junior-ch 2025"]
[Site "Mar del Plata"]
[Date "2025.04.18"]
[Round "6.8"]
[White "Duarte Fernandez, Agustin"]
[Black "Koncurat, Valentino"]
[Result "1-0"]
[Annotator "NA"]
[ECO "D02"]
[WhiteElo "2001"]
[BlackElo "1707"]
[PlyCount "59"]
[EventDate "2025.04.14"]
[EventType "swiss"]
[EventCountry "ARG"]
[SourceTitle "playchess.com"]
[Source "ChessBase"]
[SourceQuality "1"]
[TimeControl "3600+30"]

1. d4 d5 2. Bf4 Nf6 3. e3 e6 4. Nf3 c5 5. c3 Bd6 6. Bg3 c4 7. Nbd2 Qc7 8. Qc2 Nc6 9. e4 Bxg3 10. hxg3 h6 11. e5 Nd7 12. g4 Nf8 13. g5 Ng6 14. b3 b5 15. a4 Qa5 16. b4 Qb6 17. a5 Qd8 18. gxh6 Rxh6 19. Rxh6 gxh6 20. O-O-O Kd7 21. g3 Qf8 22. Bg2 Bb7 23. Rh1 Qg7 24. Nf1 Nce7 25. Ne3 Rh8 26. Ng4 Ng8 27. a6 Bc8 28. Ne3 f6 29. exf6 Nxf6 30. Qxg6 1-0

[Event "Argentine Youth-Junior-ch 2025"]
[Site "Mar del Plata"]
[Date "2025.04.18"]
[Round "6.9"]
[White "Valverde, Valentina Emma"]
[Black "Alvarez, Mia Morena"]
[Result "0-1"]
[Annotator "NA"]
[ECO "B22"]
[WhiteElo "1453"]
[BlackElo "1819"]
[PlyCount "96"]
[EventDate "2025.04.14"]
[EventType "swiss"]
[EventCountry "ARG"]
[SourceTitle "playchess.com"]
[Source "ChessBase"]
[SourceQuality "1"]
[TimeControl "3600+30"]

1. e4 c5 2. c3 Nf6 3. e5 Nd5 4. d4 cxd4 5. Nf3 Nc6 6. cxd4 d6 7. Nc3 Nxc3 8. bxc3 dxe5 9. d5 e4 10. Ng5 Ne5 11. Nxe4 Bf5 12. Ng3 Bd7 13. Be2 Qc8 14. Bb2 Nc4 15. Qb3 b5 16. Rd1 g6 17. O-O Bg7 18. Rfe1 Nxb2 19. Qxb2 Bxc3 20. Qb3 Bxe1 21. Rxe1 O-O 22. Bxb5 Rb8 23. Bxd7 Qxd7 24. Qa3 Rfe8 25. Qc5 Rb5 26. Qc6 Rxd5 27. Qxd7 Rxd7 28. Ne4 Red8 29. Kf1 Rd1 30. Nc3 Rxe1+ 31. Kxe1 Rd3 32. Nb5 a6 33. Na7 Rc3 34. a4 Rc7 35. Nb5 axb5 36. axb5 Rb7 37. Ke2 Rxb5 38. f4 Rb3 39. Kf2 Kg7 40. h4 h5 41. g3 Kf6 42. Kg2 Kf5 43. Kh3 f6 44. Kh2 Kg4 45. f5 Rb2+ 46. Kg1 gxf5 47. Kf1 Kf3 48. Kg1 Ra2 0-1

[Event "Argentine Youth-Junior-ch 2025"]
[Site "Mar del Plata"]
[Date "2025.04.18"]
[Round "6.10"]
[White "Uzcudun, Alfonso"]
[Black "Rodriguez, Elian Francisco"]
[Result "1/2-1/2"]
[Annotator "NA"]
[ECO "B19"]
[WhiteElo "1799"]
[BlackElo "2043"]
[PlyCount "83"]
[EventDate "2025.04.14"]
[EventType "swiss"]
[EventCountry "ARG"]
[SourceTitle "playchess.com"]
[Source "ChessBase"]
[SourceQuality "1"]
[TimeControl "3600+30"]

1. e4 c6 2. d4 d5 3. Nd2 dxe4 4. Nxe4 Bf5 5. Ng3 Bg6 6. Nf3 Nd7 7. h4 h6 8. Bd3 Bxd3 9. Qxd3 Ngf6 10. Bf4 Qa5+ 11. c3 e6 12. Nd2 Nd5 13. Ne2 Nxf4 14. Nxf4 Qc7 15. Ne2 O-O-O 16. O-O-O Be7 17. Nf3 Bf6 18. Kb1 Kb8 19. Qc2 Rhe8 20. g3 e5 21. dxe5 Nxe5 22. Nxe5 Rxd1+ 23. Rxd1 Qxe5 24. Nd4 Qe4 25. Qxe4 Rxe4 26. Nf3 Kc7 27. Re1 Rxe1+ 28. Nxe1 Kd6 29. Kc2 Bd8 30. Kd3 Bb6 31. Ke2 a5 32. Nd3 Kd5 33. Nf4+ Kc4 34. Nd3 Bc7 35. Kd2 a4 36. Kc2 g5 37. hxg5 hxg5 38. g4 b5 39. Nb4 Bb6 40. f3 Kc5 41. Kd3 Ba5 42. Nc2 1/2-1/2